 Dungeon Crawl Stone Soup version 0.28-a0-1032-ga8db75c868 (webtiles) character file.

Game seed: 6742991876326920677

99 mvrnfkv the Vexing (level 4, -13/21 HPs)
             Began as a Spriggan Enchanter on Dec 7, 2021.
             Killed from afar by a steam dragon (27 damage)
             ... with a ball of steam
             ... on level 5 of the Dungeon.
             The game lasted 00:03:51 (2675 turns).

mvrnfkv the Vexing (Spriggan Enchanter)             Turns: 2675, Time: 00:03:51

Health: -13/21     AC:  2    Str:  6    XL:     4   Next: 45%
Magic:  11/11      EV: 17    Int: 16    God:
Gold:   78         SH:  0    Dex: 15    Spells: 4/12 levels left

rFire   . . .      SeeInvis +   a - +1 dagger
rCold   . . .      Faith    .   (shield restricted)
rNeg    . . .      Spirit   .   b - +0 robe
rPois   .          Reflect  .   (helmet restricted)
rElec   .          Harm     .   (no cloak)
rCorr   .          Rampage  .   (gloves unavailable)
Will    .....                   (boots unavailable)
Stlth   +++.......              (no amulet)
HPRegen 0.07/turn               (no ring)
MPRegen 0.12/turn               (no ring)

@: very quick
A: very small, no large weapons, unfitting armour, see invisible, speed 3
a: no special abilities


You were on level 5 of the Dungeon.
You visited 1 branch of the dungeon, and saw 4 of its levels.

You collected 78 gold pieces.

Inventory:

Hand Weapons
 a - a +1 dagger (weapon)
Armour
 b - a +0 robe (worn)
Scrolls
 d - 2 scrolls of immolation
Potions
 c - 2 potions of invisibility
 e - 2 potions of degeneration {unknown}
 f - 4 potions of curing {unknown}
 g - a potion of lignification {unknown}


   Skills:
 - Level 1.1 Short Blades
 - Level 2.6 Dodging
 - Level 4.4 Stealth
 + Level 4.5 Spellcasting
 + Level 5.2 Hexes


You had 4 spell levels left.
You knew the following spells:

 Your Spells              Type           Power      Damage    Failure   Level
a - Ensorcelled Hibernat  Hex/Ice        24%        N/A       9%          2
b - Tukima's Dance        Hex            20%        N/A       5%          3
c - Dazzling Flash        Conj/Hex       24%        N/A       16%         3

Your spell library contained the following spells:

 Spells                   Type           Power      Damage    Failure   Level
 Confusing Touch          Hex            20%        N/A       5%          3
 Inner Flame              Hex/Fire       12%        N/A       16%         3
 Cause Fear               Hex            10%        N/A       19%         4
 Discord                  Hex            10%        N/A       100%        8


Dungeon Overview and Level Annotations

Branches:
Dungeon (3/15)

Altars:
Dithmenos
Kikubaaqudgha

Annotations:
D:5 Menkaure


Innate Abilities, Weirdness & Mutations

You are very small and have problems with some larger weapons.
You are too small for most types of armour.
You have supernaturally acute eyesight. (SInv)
You cover ground extremely quickly. (Speed+++)


Message History

The helpless bullfrog zombie fails to defend itself.
You impale the bullfrog zombie!!
The bullfrog zombie is severely damaged.
The bullfrog zombie barely misses you.
You hit the bullfrog zombie.
The bullfrog zombie is severely damaged.
The bullfrog zombie hits you.
You hit the bullfrog zombie.
The bullfrog zombie is almost destroyed.
The bullfrog zombie closely misses you.
You hit the bullfrog zombie.
The bullfrog zombie is almost destroyed.
The bullfrog zombie barely misses you. x2
You hit the bullfrog zombie.
The bullfrog zombie is almost destroyed.
The bullfrog zombie closely misses you.
You hit the bullfrog zombie.
You destroy the bullfrog zombie!
Your Hexes skill increases to level 5!
Found a stone staircase leading down.
The shadow imp laughs crazily.
You see here a scroll labelled ZAEF AJEUFIB.
As you read the scroll labelled ZAEF AJEUFIB, it crumbles to dust.
The scroll dissolves into smoke.
It was a scroll of fog.
A phantom comes into view.
A jackal comes into view.
The jackal barks!
A jackal comes into view.
A steam dragon comes into view.
Found a sedimented puce potion.
The steam dragon moves out of view.
You see here a sedimented puce potion.
f - 4 sedimented puce potions (gained 1)
The shadow imp shouts, "Go and return not, thou fobbing fen-sucked sopling!"
The shadow imp completely misses you.
The steam dragon hisses angrily.
The shadow imp hits you. The steam dragon breathes steam at you.
The ball of steam hits you!!
Ouch! That really hurt!
You die...

########## #..5..§..# #
#.######.#
########.######.########
.#..Z5...#...§§....5...#
.....#####.#.§§.@§§D.#.#
##.#.# #.##.####.#.#
#.#.# #. #.# #.#.# #.#..
# #.# #.#.# #.####
##.####.#.# #.#
.###.#..##..h#W# #.#
h..........#h..# ...
...#.#.###...#.# . #.#.
##..#.#


You could see a shadow imp.

Vanquished Creatures
  A bullfrog zombie (D:5)
  3 adders (D:2)
  A worm (D:2)
  4 bats
  2 endoplasms
  6 giant cockroaches
  4 goblins
  5 hobgoblins
  3 quokkas
  2 ball pythons
  3 kobolds
  2 rats (D:1)
36 creatures vanquished.

Notes
Turn   | Place    | Note
-------+----------+-------------------------------------------
     0 | D:1      | mvrnfkv the Spriggan Enchanter began the quest for the Orb.
     0 | D:1      | Reached XP level 1. HP: 9/9 MP: 5/5
   589 | D:2      | Reached skill level 4 in Hexes
   638 | D:2      | Reached XP level 2. HP: 13/13 MP: 7/7
   641 | D:2      | Learned a level 2 spell: Ensorcelled Hibernation
  1620 | D:2      | Reached XP level 3. HP: 8/16 MP: 6/9
  2135 | D:2      | Learned a level 3 spell: Tukima's Dance
  2139 | D:2      | Learned a level 3 spell: Dazzling Flash
  2526 | D:2      | Reached XP level 4. HP: 21/21 MP: 11/11
  2547 | D:3      | Found an ancient bone altar of Kikubaaqudgha.
  2547 | D:3      | Found a shadowy altar of Dithmenos.
  2547 | D:3      | You fall into a shaft and drop 2 floors!
  2547 | D:5      | Entered Level 5 of the Dungeon
  2550 | D:5      | Noticed Menkaure
  2561 | D:5      | Noticed an ogre
  2629 | D:5      | Reached skill level 5 in Hexes
  2642 | D:5      | Noticed a phantom
  2650 | D:5      | Noticed a steam dragon
  2675 | D:5      | Killed from afar by a steam dragon

Illustrated notes

Levels and vault maps discovered:
D:1:      dpeg_arrival_tiny_j, layout_basic
D:2:      layout_basic, minmay_small_reverse_x
D:3:      layout_loops_ring, chequers_temple_overflow_statue_of_worship,
          gammafunk_temple_overflow_elements, gup_sewer_entry_glass,
          uniq_jessica
D:5:      layout_loops_ring, minmay_temple_entry_nine_rooms, serial_glass,
          glass_columns_a, glass_columns_a, uniq_menkaure

Skill      XL: |  1  2  3  4 |
---------------+-------------+-----
Spellcasting   | 3 4 |  4.5
Hexes          | 4 5 |  5.2
Short Blades   | |  1.1
Dodging        | |  2.6
Stealth        | |  4.4

Action                   |  1- 3 |  4- 6 || total
-------------------------+-------+-------++-------
Melee: Dagger            |   110 |     7 ||   117
 Cast: Ensorcelled Hiber |    18 |       ||    18
  Use: Scroll            |     1 |     2 ||     3
 Stab: Sleeping          |    19 |     1 ||    20
Armor: Robe              |    11 |       ||    11
Dodge: Dodged            |    80 |    11 ||    91

Table legend: (Time is in decaauts)
 A = Elapsed time spent in this place.
 B = Non-inter-level travel time spent in this place.
 C = Inter-level travel time spent in this place.
 D = Time resting spent in this place.
 E = Time spent auto-exploring this place.
 F = Levels seen in this place.
 G = Mean time per level.
                   A        B        C        D        E       F      G
               +--------+--------+--------+--------+--------+-----+--------+
         Total |   2149 |   2134 |     15 |    150 |   1571 |   4 |  537.2 |
       Dungeon |   2149 |   2134 |     15 |    150 |   1571 |   4 |  537.2 |
               +--------+--------+--------+--------+--------+-----+--------+

Top non-repeatable levels by time:
     D:2: 1320 daAuts
     D:1: 743 daAuts
     D:5: 81 daAuts
     D:3: 3 daAuts
